 Dungeon Crawl Stone Soup version 0.21-a0-140-g479285b (console) character file.

75429 removed the Fencer (level 15, 96/96 HPs)
             Began as a Tengu Wanderer on July 17, 2017.
             Was a High Priest of Trog.
             Quit the game on level 2 of the Orcish Mines on July 21, 2017.
             The game lasted 01:12:43 (30912 turns).

removed the Fencer (Tengu Wanderer)                Turns: 30912, Time: 01:12:44

Health: 96/96      AC:  7    Str: 15    XL:     15   Next: 50%
Magic:  5/5        EV: 31    Int: 15    God:    Trog [*****.]
Gold:   1938       SH:  0    Dex: 21    Spells: 14/14 levels left

rFire    + . .     SeeInvis +   a - +4 great sword (antimagic)
rCold    + . .     Gourm    .   (shield currently unavailable)
rNeg     . . .     Faith    .   S - +2 robe {rC+ rF+}
rPois    .         Spirit   +   O - +0 hat {Int+3}
rElec    .         Reflect  .   X - scarf {repulsion}
rCorr    .         Harm     .   J - +2 pair of gloves {Str+3}
MR       +....                  (boots unavailable)
Stlth    +++.......             T - amulet of guardian spirit
HPRegen  0.26/turn              E - ring of stealth
MPRegen  0.09/turn              V - ring of see invisible

@: flying quickly and evasively, repel missiles, quick
A: beak, talons 3, able to fly 2
a: Stop Flying, Berserk, Trog's Hand, Brothers in Arms, Burn Spellbooks,
Renounce Religion


You were on level 2 of the Orcish Mines.
You worshipped Trog.
Trog was extremely pleased with you.
You were not hungry.

You visited 3 branches of the dungeon, and saw 20 of its levels.
You also visited: Ossuary and Ice Cave.

You collected 2493 gold pieces.
You spent 555 gold pieces at shops.

Inventory:

Hand Weapons
 a - a +4 antimagic great sword (weapon)
 g - a +7 blowgun
 k - the +7 dagger of Ru's Regard {pierce, rF+ rN+ Dex+5}
   (You found it on level 5 of the Dungeon)

   It inflicts extra damage upon your enemies.
   It affects your dexterity (+5).
   It protects you from fire.
   It protects you from negative energy.
 Q - a +5 antimagic demon blade
Missiles
 z - a curare-tipped needle
 D - 3 throwing nets (quivered)
Armour
 x - a +0 cloak
 J - a +2 pair of gloves of strength (worn)
 M - a +2 pair of gloves of dexterity
 O - a +0 hat of intelligence (worn)
 S - a +2 robe of resistance (worn)
 X - a scarf of repulsion (worn)
Jewellery
 B - an uncursed ring of resist corrosion
 E - a ring of stealth (left hand)
 T - an amulet of guardian spirit (around neck)
 V - a ring of see invisible (right hand)
Wands
 b - a wand of iceblast (8/15)
 A - a wand of lightning (5/15)
 F - a wand of acid (5/15)
 P - a wand of paralysis (4/24)
 Y - a wand of digging (17/24)
Scrolls
 i - a scroll of recharging
 l - 4 scrolls of blinking
 m - 9 scrolls of enchant armour
 p - 6 scrolls of enchant weapon
 r - 5 scrolls of remove curse
 s - 10 scrolls of teleportation
 t - a scroll of summoning
 v - 6 scrolls of magic mapping
 y - 4 scrolls of fog
 K - 5 scrolls of fear
 N - 8 scrolls of identify
 Z - 2 scrolls of brand weapon
Potions
 c - 3 potions of lignification
 e - 6 potions of agility
 h - 2 potions of heal wounds
 j - 4 potions of might
 n - 12 potions of mutation
 o - 3 potions of brilliance
 q - 3 potions of magic
 u - 2 potions of ambrosia
 C - a potion of cancellation
 H - 5 potions of haste
 I - 2 potions of resistance
 U - 15 potions of curing
Comestibles
 d - 10 bread rations
 f - 11 meat rations
 w - 11 fruits
 L - 5 royal jellies
 W - 3 chunks of flesh


   Skills:
 + Level 12.1 Fighting
 - Level 20.0 Long Blades
   Level 1.1 Crossbows
 - Level 2.1 Armour
 - Level 15.0 Dodging
 - Level 2.0 Evocations


You had 14 spell levels left.
You didn't know any spells.

Dungeon Overview and Level Annotations

Branches:
Dungeon (12/15)            Temple (0/1) D:7            Lair (6/6) D:9
  Swamp (0/4) Lair:4       Spider (0/4) Lair:4        Slime (0/5) Lair:5
    Orc (2/2) D:10            Elf (0/3) Orc:2

Altars:
Cheibriados
Elyvilon
Fedhas
Kikubaaqudgha
Makhleb
Trog
Vehumet
Zin
The Shining One
Jiyva

Shops:
D:6 ?   D:7 [   D:8 ?   D:12 [   Orc:2 !(%([:

Portals:
Hell: Lair:6

Annotations:
D:6 exclusion: downstairs
D:11 2 runed doors
Lair:3 Rupert
Lair:5 1 runed door
Lair:6 exclusion: oklob plant


Innate Abilities, Weirdness & Mutations

You have a beak for a mouth.
You have claws for feet.
You can fly continuously.


Message History

You drop a +1 plate armour of cold resistance.
You drop a +2 plate armour of magic resistance.
Search for what [Enter for "plate", or ? for help]?
Unknown command.
Okay, then.
Saving game... please wait.
Welcome back, removed the Tengu Wanderer.
Trog says: Kill them all!
Press ? for a list of commands and other information.
Are you sure you want to abandon this character and quit the game? (Confirm with "yes".)
Okay, then.
Are you sure you want to abandon this character and quit the game? (Confirm with "yes".)
Okay, then.
Drop what? 50/52 slots (_ for help) (? for menu, Esc to quit)
Okay, then.
Saving game... please wait.
Welcome back, removed the Tengu Wanderer.
Trog says: Kill them all!
Press ? for a list of commands and other information.
Are you sure you want to abandon this character and quit the game? (Confirm with "yes".)

##.....###
###.......∩##
#...........##
##...........∩#
##[.....§....[∩#
#...[.........##
##...#.÷...÷.∩##
#.[[##.÷.÷..###
#.[@###..####
#.[[[#####
##..[..#######
##..........#
##.........#
###)......#
##[.....#
##.).### ####
#....##


There were no monsters in sight!

Vanquished Creatures
  Gastronok (Lair:3)
  A dire elephant (Lair:6)
  6 hydras
  A catoblepas (Lair:5)
  2 two-headed ogres
  An orc high priest (Orc:2)
  7 death yaks
  An unseen horror (D:11)
  A wizard (Lair:6)
  A deep elf mage (D:11)
  3 orc knights (Orc:2)
  6 ugly things
  6 orc sorcerers
  A cyclops (Orc:1)
  22 elephants
  Maurice (D:8)
  3 black mambas (Lair:6)
  3 ice statues (IceCv)
  A torpor snail (Lair:3)
  A smoke demon (Lair:6)
  An orange demon (Lair:6)
  4 rime drakes
  A gargoyle (D:10)
  A kobold demonologist (D:11)
  11 spiny frogs
  6 komodo dragons
  A red devil (Lair:6)
  3 jumping spiders (Lair:4)
  An ice devil (Lair:6)
  A polar bear (Lair:4)
  4 trolls
  Grinder (D:5)
  10 dream sheep
  23 blink frogs
  10 hippogriffs
  Sigmund (D:5)
  A redback (Lair:4)
  A wyvern (D:11)
  2 wraiths
  A basilisk (Lair:2)
  43 yaks
  A hungry ghost (D:10)
  The ghost of removed the Poker, an amateur DsWr (D:3)
  3 vampire mosquitoes
  A warg (D:10)
  2 acid dragons
  17 water moccasins
  4 hell hounds
  15 orc warriors
  10 porcupines
  A sky beast (D:9)
  2 black bears
  17 ice beasts
  A necrophage (D:10)
  2 centaurs
  11 wolves
  13 ogres
  A phantom (D:6)
  An eye of draining (D:8)
  18 crocodiles
  A big kobold (D:11)
  Blork the orc (D:6)
  18 bullfrogs
  An elf zombie (Ossuary)
  3 scorpions
  9 killer bees
  11 wights
  An electric eel (Lair:2)
  4 howler monkeys
  9 crimson imps
  A human zombie (Ossuary)
  22 orc priests
  2 centaur zombies
  11 hounds
  3 centaur skeletons
  4 jellies
  2 bullfrog skeletons
  20 orc wizards
  Natasha (thrice) (D:3)
  3 iguanas
  A hell rat (Lair:6)
  7 worker ants
  A killer bee zombie (D:10)
  2 big kobold zombies (Ossuary)
  3 mummies
  3 hound skeletons
  A worker ant zombie (D:8)
  12 gnolls
  A howler monkey skeleton (D:5)
  16 adders
  4 shadow imps
  3 adder skeletons (D:4)
  5 adder zombies
  2 worms
  4 dart slugs
  7 leopard geckos
  63 orcs
  A ball python (D:4)
  7 giant cockroaches
  10 goblins
  14 hobgoblins
  8 jackals
  3 quokkas
  3 bats (D:1)
  6 frilled lizards
  3 goblin zombies
  8 hobgoblin zombies (Ossuary)
  A jackal zombie (Ossuary)
  10 kobolds
  10 kobold zombies (Ossuary)
  9 orc zombies
  8 rats
  A rat zombie (Ossuary)
  A butterfly (Lair:1)
684 creatures vanquished.

Vanquished Creatures (collateral kills)
  A hydra (Lair:6)
  2 orc high priests (Orc:2)
  A sixfirhy (Lair:6)
  An orc knight (Orc:2)
  An orange demon (Lair:6)
  4 elephants (Lair:6)
  A komodo dragon (Lair:6)
  2 ice devils (Lair:6)
  3 blink frogs (Lair:6)
  A dream sheep (Lair:4)
  A hell hound (Lair:6)
  2 orc warriors (Orc:2)
  A bullfrog (Lair:6)
  An orc wizard (Orc:2)
  An orc (Orc:2)
  A plant (Lair:6)
24 creatures vanquished.

Vanquished Creatures (others)
  An orc wizard (Orc:2)
  A bush (Lair:1)
  14 fungi
  20 plants
36 creatures vanquished.

Grand Total: 744 creatures vanquished

Notes
Turn   | Place    | Note
-------+----------+-------------------------------------------
     0 | D:1      | removed the Tengu Wanderer began the quest for the Orb.
     0 | D:1      | removed set off with: a +2 scale mail, a +0 falchion, a potion of lignification, a bread ration
     0 | D:1      | Reached XP level 1. HP: 14/14 MP: 3/3
    14 | D:1      | Reached skill level 2 in Long Blades
    75 | D:1      | Reached XP level 2. HP: 19/19 MP: 4/4
   399 | D:1      | Reached skill level 3 in Long Blades
   517 | D:1      | Reached XP level 3. HP: 23/23 MP: 5/5
  1083 | D:2      | Reached skill level 4 in Long Blades
  1113 | D:2      | Reached XP level 4. HP: 28/28 MP: 6/6
  1177 | D:2      | Found a blossoming altar of Fedhas.
  1530 | D:2      | Found a glowing silver altar of Zin.
  1736 | D:3      | Noticed removed's ghost (amateur DsWr)
  1985 | D:3      | Reached skill level 5 in Long Blades
  1985 | D:3      | Gained mutation: You can fly. [Tengu growth]
  1985 | D:3      | Reached XP level 5. HP: 16/32 MP: 7/7
  2920 | D:4      | Reached skill level 6 in Long Blades
  3265 | D:3      | Noticed Natasha
  3382 | D:3      | Killed Natasha
  3382 | D:3      | Reached XP level 6. HP: 37/37 MP: 8/8
  4029 | D:3      | Noticed Natasha
  4040 | D:3      | Killed Natasha
  4278 | D:3      | Killed removed's ghost
  4278 | D:3      | Reached skill level 7 in Long Blades
  4644 | D:3      | Reached XP level 7. HP: 30/41 MP: 9/9
  4869 | D:3      | Noticed Natasha
  4873 | D:3      | Killed Natasha
  5017 | D:4      | Reached skill level 8 in Long Blades
  6019 | D:5      | Entered Level 5 of the Dungeon
  6019 | D:5      | Found a snail-covered altar of Cheibriados.
  6019 | D:5      | Found a radiant altar of Vehumet.
  6095 | D:5      | Got a fine dagger
  6096 | D:5      | Identified the +7 dagger of Ru's Regard {pierce, rF+ rN+ Dex+5} (You found it on level 5 of the Dungeon)
  6176 | D:5      | Reached XP level 8. HP: 36/46 MP: 10/10
  6261 | D:5      | Reached skill level 9 in Long Blades
  6326 | D:5      | Noticed Grinder
  6362 | D:5      | Killed Grinder
  6616 | D:5      | Reached skill level 10 in Long Blades
  6681 | D:5      | Found a burning altar of Makhleb.
  6884 | D:5      | Noticed Sigmund
  6902 | D:5      | Killed Sigmund
  7172 | D:6      | You fall through a shaft for 3 floors!
  7172 | D:9      | Found a staircase to the Lair.
  7197 | D:8      | Noticed Maurice
  7200 | D:7      | Found a bloodstained altar of Trog.
  7217 | D:7      | Became a worshipper of Trog the Wrathful
  7240 | D:6      | Reached XP level 9. HP: 29/52 MP: 11/11
  7261 | D:6      | Found a sand-covered staircase.
  7266 | Ossuary  | Entered an ossuary
  7336 | Ossuary  | Reached * piety under Trog
  7366 | Ossuary  | Reached skill level 11 in Long Blades
  7723 | D:6      | Reached ** piety under Trog
  7860 | D:6      | Noticed Blork the orc
  7870 | D:6      | Killed Blork the orc
  8086 | D:6      | Found Gyadi's Magic Scroll Emporium.
  8132 | D:6      | Bought a scroll of fear for 38 gold pieces
  8132 | D:6      | Bought a scroll of teleportation for 33 gold pieces
  8132 | D:6      | Bought a scroll of identify for 22 gold pieces
  8132 | D:6      | Bought a scroll of identify for 22 gold pieces
  8133 | D:6      | Bought a scroll of magic mapping for 38 gold pieces
  8445 | D:6      | Reached skill level 12 in Long Blades
  8559 | D:6      | Reached skill level 5 in Dodging
  8969 | D:7      | Found a staircase to the Ecumenical Temple.
  9011 | D:7      | Found a white marble altar of Elyvilon.
  9119 | D:7      | Found Qyezuyt's Armour Emporium.
  9821 | D:8      | Found a glowing golden altar of the Shining One.
  9888 | D:8      | Reached skill level 5 in Fighting
  9905 | D:8      | Reached *** piety under Trog
  9905 | D:8      | Reached XP level 10. HP: 49/59 MP: 2/12
 10366 | D:8      | Killed Maurice
 10469 | D:8      | Found Muosk's Magic Scroll Shop.
 10716 | D:9      | Noticed a two-headed ogre
 10722 | D:9      | Killed a two-headed ogre
 10722 | D:9      | Reached skill level 13 in Long Blades
 10930 | D:8      | Reached skill level 14 in Long Blades
 11116 | D:9      | You fall through a shaft!
 11116 | D:10     | Entered Level 10 of the Dungeon
 11215 | D:9      | Reached **** piety under Trog
 11334 | D:9      | Reached XP level 11. HP: 64/64 MP: 13/13
 11888 | D:10     | Found a staircase to the Orcish Mines.
 12297 | D:10     | Reached ***** piety under Trog
 12658 | D:11     | Found a large runed door.
 12658 | D:11     | Found a large runed door.
 12676 | D:11     | Noticed a green ugly thing
 12688 | D:11     | Killed a green ugly thing
 12688 | D:11     | Received a gift from Trog
 12721 | D:11     | Noticed an unseen horror
 12729 | D:11     | Killed an unseen horror
 12829 | D:11     | Found an ancient bone altar of Kikubaaqudgha.
 12888 | D:11     | Noticed a two-headed ogre
 12896 | D:11     | Noticed a white ugly thing
 12934 | D:10     | Killed a white ugly thing
 13086 | D:10     | Upgraded the game from 0.21-a0-135-g8dc100c to 0.21-a0-137-g951aa02
 13533 | D:11     | Reached skill level 10 in Fighting
 13892 | D:11     | Reached skill level 10 in Dodging
 14134 | D:11     | Reached XP level 12. HP: 77/77 MP: 10/14
 14317 | D:11     | Noticed a four-headed hydra
 14323 | D:11     | Killed a four-headed hydra
 14323 | D:11     | Received a gift from Trog
 14334 | D:11     | Found a large runed door.
 14336 | D:11     | Found a large runed door.
 14511 | D:11     | Killed a two-headed ogre
 14680 | D:11     | Reached skill level 15 in Long Blades
 15233 | D:11     | Got a shimmering falchion
 15234 | D:11     | Identified the +8 falchion of Wolul {protect, -Tele +Inv rF+ rN+} (You found it on level 11 of the Dungeon)
 15336 | Lair:1   | Entered Level 1 of the Lair of Beasts
 15978 | Lair:1   | Noticed a six-headed hydra
 16417 | Lair:1   | Received a gift from Trog
 16431 | Lair:1   | Reached skill level 16 in Long Blades
 16833 | Lair:1   | Killed a six-headed hydra
 17433 | Lair:2   | Reached skill level 17 in Long Blades
 17567 | Lair:2   | Reached XP level 13. HP: 82/82 MP: 15/15
 18462 | Lair:2   | Identified a scroll of acquirement
 19332 | Lair:3   | Noticed Rupert
 19364 | Lair:3   | Noticed Gastronok
 19409 | Lair:3   | Killed Gastronok
 19409 | Lair:3   | Reached skill level 18 in Long Blades
 19480 | Lair:3   | Found a runed door.
 20425 | Lair:4   | Found a hole to the Spider Nest.
 20519 | Lair:4   | Found a frozen archway.
 20705 | IceCv    | Entered an ice cave
 21382 | IceCv    | Reached skill level 19 in Long Blades
 21789 | Lair:4   | Received a gift from Trog
 22388 | Lair:4   | Found a staircase to the Swamp.
 22946 | Lair:4   | Gained mutation: You can fly continuously. [Tengu growth]
 22946 | Lair:4   | Reached XP level 14. HP: 70/88 MP: 3/16
 23570 | Lair:5   | Reached skill level 20 in Long Blades
 24076 | Lair:5   | Found a runed door.
 24076 | Lair:5   | Found a viscous altar of Jiyva.
 24076 | Lair:5   | Found a staircase to the Slime Pits.
 24076 | Lair:5   | Noticed an azure jelly
 24076 | Lair:5   | Noticed an azure jelly
 24076 | Lair:5   | Noticed an azure jelly
 24513 | Lair:6   | Entered Level 6 of the Lair of Beasts
 25161 | Lair:6   | Received a gift from Trog
 25525 | Lair:6   | Found a burning altar of Makhleb.
 27117 | Lair:6   | Noticed a dire elephant
 27130 | Lair:6   | Killed a dire elephant
 27245 | Lair:6   | Reached XP level 15. HP: 86/96 MP: 5/17
 27479 | Lair:6   | Found a gateway to Hell.
 28595 | D:12     | Found Digosmedgh's Antique Armour Boutique.
 28911 | Orc:1    | Entered Level 1 of the Orcish Mines
 29228 | Orc:2    | Entered Level 2 of the Orcish Mines
 29427 | Orc:2    | Found a staircase to the Elven Halls.
 29942 | Orc:2    | Found Kiffiadgh's Distillery.
 30115 | Orc:2    | Found Lycizeke's Book Boutique.
 30690 | Orc:2    | Reached skill level 15 in Dodging
 30753 | Orc:2    | Found Otzusac's Food Emporium.
 30753 | Orc:2    | Found Huud's Antique Weapon Boutique.
 30755 | Orc:2    | Found Nintyv Xaeba's Antique Armour Emporium.
 30755 | Orc:2    | Found Maem's Antique Weapon Boutique.
 30799 | Orc:2    | Bought an ichor-stained cloak for 218 gold pieces
 30810 | Orc:2    | Identified the cursed +0 cloak "Myf Utuh" {-Tele Str+4 Dex+4} (You bought it in a shop on level 2 of the Orcish Mines)
 30811 | Orc:2    | Bought an embroidered scarf for 184 gold pieces
 30912 | Orc:2    | Upgraded the game from 0.21-a0-137-g951aa02 to 0.21-a0-140-g479285b
 30912 | Orc:2    | Quit the game

Vault maps used:
D:1:      lemuel_arrival_broad_hall, minmay_pentomino_t2
D:2:      lemuel_doored_altar, fedhas_altar_fruit_tree, first_bread,
          minmay_goblin_outpost
D:3:      uniq_natasha
D:4:      grunt_ministairs_14, kennysheep_dice
D:5:      lightli_temple_of_fire, grunt_temple_overflow_open, uniq_grinder,
          uniq_sigmund
D:6:      nicolae_ossuary_entry_giza, kennysheep_windowed_goal,
          uniq_blork_the_orc
D:7:      bloody_trog, kennysheep_mini, minmay_temple_entry_butterflies,
          serial_shops, nicolae_shop_stone
D:8:      serial_shops, shop, grunt_ogre_cave, corexii_leaking_fountain,
          lemuel_tele_altar, uniq_maurice
D:9:      minmay_lair_entry_lava, serial_park, serial_park_square1,
          serial_park_square1
D:10:     erik_orc_3
D:11:     cheibrodos_fzero, basic_altar, minmay_hollow_rounded_squares
D:12:     serial_shops, shop
Lair:1:   lemuel_fruit_fields
Lair:2:   grunt_megastairs_4, serial_bayou_shore_a
Lair:3:   pf_torpor_hydra, infiniplex_staircase_pool_2, uniq_rupert,
          uniq_gastronok
Lair:4:   beast_lair_carwin_large_1, minmay_swamp_entry_swarm,
          spider_nest_entry_a, portal_ice_cave_entry_ice_beasts
Lair:5:   slime_altar_2, st_stairs_7
Lair:6:   evil_forest, minmay_lair_oklob_chamber, lemuel_fruit_fields,
          infiniplex_staircase_pool
Orc:2:    grunt_orc_tribal_feast, serial_shops, nicolae_shop_crystal, shop
Ossuary:  ossuary_tomb_1
IceCv:    ice_cave_statue_garden_chambered

Skill      XL: |  1  2  3  4  5  6  7  8  9 10 11 12 13 14 15 |
---------------+----------------------------------------------+-----
Long Blades    | 2 3 4 5 6 7 8 10 12 14 17 19 20 | 20.0
Dodging        | 4 7 8 10 12 15 | 15.0
Fighting       | 4 5 6 10 12 | 12.1
Crossbows      | |  1.1
Armour         | |  2.1
Evocations     | |  2.0

Action                   |  1- 3 |  4- 6 |  7- 9 | 10-12 | 13-15 || total
-------------------------+-------+-------+-------+-------+-------++-------
Melee: Falchion          |    74 |   168 |    98 |   137 |   360 ||   837
       Kick              |    20 |    38 |   129 |   323 |   489 ||   999
       Peck              |    15 |    32 |    95 |   204 |   314 ||   660
       Dagger            |       |       |   327 |   620 |    15 ||   962
       Demon blade       |       |       |       |       |   237 ||   237
       Great sword       |       |       |       |       |   401 ||   401
 Fire: Blowgun           |       |       |       |       |     1 ||     1
Invok: Burn Spellbooks   |       |       |     4 |     1 |     2 ||     7
       Berserk           |       |       |     2 |    13 |    11 ||    26
       Trog's Hand       |       |       |       |       |     7 ||     7
       Brothers in Arms  |       |       |       |       |     4 ||     4
 Abil: Fly               |       |     3 |     9 |    14 |    11 ||    37
       Evoke Invisibilit |       |       |       |       |     1 ||     1
Evoke: Wand              |       |       |       |     1 |     1 ||     2
  Use: Scroll            |       |       |    16 |     5 |    12 ||    33
       Potion            |       |       |     1 |       |     1 ||     2
 Stab: Sleeping          |       |       |     7 |    10 |    17 ||    34
       Distracted        |       |       |     1 |     6 |     4 ||    11
       Invisible         |       |       |       |       |     9 ||     9
  Eat: Chunk             |     1 |    11 |    20 |    38 |    30 ||   100
       Fruit             |       |       |       |     1 |     1 ||     2
       Bread ration      |       |       |       |       |     3 ||     3
       Royal jelly       |       |       |       |       |     2 ||     2
       Meat ration       |       |       |       |       |     2 ||     2
Armor: Scale mail        |    32 |    74 |    44 |       |       ||   150
       Skin              |       |       |    25 |       |       ||    25
       Robe              |       |       |    18 |    76 |   106 ||   200
Dodge: Dodged            |    26 |    57 |   171 |   517 |   787 ||  1558
       Rpst.: Falchion   |    11 |    18 |    11 |    31 |    77 ||   148
       Demon blade       |       |       |       |       |    41 ||    41
       Great sword       |       |       |       |       |    90 ||    90
